TOP OF THE 1ST |
Athletic Club KC Academy batting - Pitching for Little Caesars Hot N Readys : LHP Hong-bin Hua
|
Pitching: LHP Hong-bin Hua
|
|
Batting: RHB David Lozano
|
0-0: Called Strike 0-1: SINGLE (Line Drive, 78S)
|
Batting: RHB John Ricks
|
0-0: Ball 1-0: Ball 2-0: Ball 3-0: Called Strike 3-1: Base on Balls David Lozano to second
|
Batting: RHB Jihan Tuah
|
0-0: Swinging Strike 0-1: Foul Ball, location: 2F 0-2: Fly out, F7 (Flyball, 7D)
|
Batting: RHB Francisco Vargas
|
0-0: Ball 1-0: Ball 2-0: Ball 3-0: Called Strike 3-1: Base on Balls David Lozano to third John Ricks to second
|
Batting: RHB Travis Murphy
|
0-0: Ball 1-0: Ball 2-0: Fly out, F7 (Line Drive, 7) Runner from 3rd tags up, SCORES, no throw
|
Batting: RHB Jon Hall
|
0-0: Ground out U3 (Groundball, 3)
|
Top of the 1st over - 1 run, 1 hit, 0 errors, 2 left on base; Athletic Club KC Academy 1 - Little Caesars 0 |
BOTTOM OF THE 1ST |
Little Caesars Hot N Readys batting - Pitching for Athletic Club KC Academy : LHP Ricky McCauley
|
Pitching: LHP Ricky McCauley
|
|
Batting: LHB Nathan Housden
|
0-0: Foul Ball, location: 2F 0-1: Ball 1-1: Ball 2-1: Ball 3-1: Called Strike 3-2: Foul Ball, location: 2F 3-2: Foul Ball, location: 2F 3-2: Fly out, F9 (Line Drive, 9)
|
Batting: SHB Allen Pandey
|
0-0: Swinging Strike 0-1: Ball 1-1: Swinging Strike 1-2: Ball 2-2: Ball 3-2: Fly out, F9 (Flyball, 9D)
|
Batting: RHB Cornelio Japón
|
0-0: Foul Ball, location: 2F 0-1: Ball 1-1: Swinging Strike 1-2: Fly out, F9 (Flyball, 9S)
|
Bottom of the 1st over - 0 runs, 0 hits, 0 errors, 0 left on base; Athletic Club KC Academy 1 - Little Caesars 0 |
TOP OF THE 2ND |
Athletic Club KC Academy batting - Pitching for Little Caesars Hot N Readys : LHP Hong-bin Hua
|
Batting: RHB Wilton Banks
|
0-0: Ball 1-0: Ball 2-0: Ball 3-0: Called Strike 3-1: Fly out, F7 (Flyball, 7LSF)
|
Batting: RHB Lester Wilson
|
0-0: Called Strike 0-1: Ball 1-1: Ball 2-1: Called Strike 2-2: Strikes out swinging
|
Batting: RHB Ted Hansen
|
0-0: Called Strike 0-1: Foul Ball, location: 2F 0-2: Ball 1-2: Ball 2-2: Ball 3-2: Base on Balls
|
Batting: RHB David Lozano
|
0-0: Ball 1-0: Called Strike 1-1: Swinging Strike 1-2: DOUBLE (Line Drive, 78D) Ted Hansen to third Runner from 3rd tries for Home, SAFE, no throw
|
Batting: RHB John Ricks
|
0-0: Called Strike 0-1: Ball 1-1: Ball 2-1: Ball 3-1: Foul Ball, location: 2F 3-2: Foul Ball, location: 2F 3-2: SINGLE (Flyball, 7S) David Lozano to third David Lozano scores
|
Batting: RHB Jihan Tuah
|
0-0: Ball 1-0: Ball 2-0: Fly out, F8 (Flyball, 89D)
|
Top of the 2nd over - 2 runs, 2 hits, 0 errors, 1 left on base; Athletic Club KC Academy 3 - Little Caesars 0 |
BOTTOM OF THE 2ND |
Little Caesars Hot N Readys batting - Pitching for Athletic Club KC Academy : LHP Ricky McCauley
|
Batting: LHB Manuel Estrada
|
0-0: Ball 1-0: Ball 2-0: Ball 3-0: Base on Balls
|
Batting: RHB Shelby Loudenslager
|
0-0: Ball 1-0: Called Strike 1-1: Called Strike 1-2: Ball 2-2: Foul Ball, location: 2F 2-2: Ball 3-2: 2-RUN HOME RUN (Flyball, 7D), Distance : 374 ft
|
Batting: SHB Jorge Iglésias
|
0-0: SINGLE (Groundball, 6MD)
|
Batting: RHB Troy Ross
|
0-0: Foul Ball, location: 2F 0-1: Called Strike 0-2: Ball 1-2: Foul Ball, location: 2F 1-2: Ball 2-2: Ball 3-2: Strikes out swinging
|
Batting: RHB Jaxon Dube
|
0-0: Called Strike 0-1: Ball 1-1: Ball 2-1: Swinging Strike 2-2: Fly out, F4 (Flyball, 4MD)
|
Batting: SHB Ezequiel Oacia
|
0-0: Ball 1-0: Called Strike 1-1: Ball 2-1: Foul Ball, location: 2F 2-2: SINGLE (Line Drive, 7S) Jorge Iglésias to second Jorge Iglésias to third
|
Batting: LHB Nathan Housden
|
0-0: Called Strike 0-1: Ball 1-1: Called Strike 1-2: Ball 2-2: Ball 3-2: Strikes out swinging
|
Bottom of the 2nd over - 2 runs, 3 hits, 0 errors, 2 left on base; Athletic Club KC Academy 3 - Little Caesars 2 |
TOP OF THE 3RD |
Athletic Club KC Academy batting - Pitching for Little Caesars Hot N Readys : LHP Hong-bin Hua
|
Batting: RHB Francisco Vargas
|
0-0: Called Strike 0-1: Hit by Pitch
|
Batting: RHB Travis Murphy
|
0-0: Ball 1-0: Called Strike 1-1: Swinging Strike 1-2: Fielders Choice at 2nd, 4-6 (Groundball, 4M)
|
Batting: RHB Jon Hall
|
0-0: Called Strike 0-1: SINGLE (Groundball, 25) (infield hit) Travis Murphy to second
|
Batting: RHB Wilton Banks
|
0-0: Foul Ball, location: 2F 0-1: Ball 1-1: Swinging Strike 1-2: Ball 2-2: Strikes out swinging
|
Batting: RHB Lester Wilson
|
0-0: Ball 1-0: Ball 2-0: Ball 3-0: Called Strike 3-1: Base on Balls Travis Murphy to third Jon Hall to second
|
Batting: RHB Ted Hansen
|
0-0: Ball 1-0: Ball 2-0: Ball 3-0: Called Strike 3-1: SINGLE (Groundball, 56D) Travis Murphy scores Jon Hall to third Lester Wilson to second Runner from 3rd tries for Home, SAFE, no throw
|
Batting: RHB David Lozano
|
0-0: Called Strike 0-1: Foul Ball, location: 2F 0-2: Ball 1-2: Ball 2-2: SINGLE (Groundball, 6MD) Lester Wilson to third Ted Hansen to second Runner from 3rd tries for Home, SAFE, no throw
|
Batting: RHB John Ricks
|
0-0: Foul Ball, location: 2F 0-1: Foul Ball, location: 2F 0-2: Ball 1-2: SINGLE (Line Drive, 6MD) Ted Hansen to third David Lozano to second Runner from 3rd tries for Home, SAFE, no throw
|
Pitching: LHP Esteban Allucingoli
|
|
Batting: RHB Jihan Tuah
|
0-0: Ball 1-0: Called Strike 1-1: Ball 2-1: Swinging Strike 2-2: Strikes out swinging
|
Top of the 3rd over - 4 runs, 4 hits, 0 errors, 2 left on base; Athletic Club KC Academy 7 - Little Caesars 2 |
BOTTOM OF THE 3RD |
Little Caesars Hot N Readys batting - Pitching for Athletic Club KC Academy : LHP Ricky McCauley
|
Batting: SHB Allen Pandey
|
0-0: Ball 1-0: Called Strike 1-1: Called Strike 1-2: Strikes out swinging
|
Batting: RHB Cornelio Japón
|
0-0: Ball 1-0: Ball 2-0: Fly out, F9 (Flyball, 9)
|
Batting: LHB Manuel Estrada
|
0-0: Swinging Strike 0-1: Ball 1-1: Ball 2-1: Foul Ball, location: 2F 2-2: SINGLE (Groundball, 4MD)
|
Batting: RHB Shelby Loudenslager
|
0-0: Called Strike 0-1: SINGLE (Line Drive, 56D) Manuel Estrada to second
|
Batting: SHB Jorge Iglésias
|
0-0: Ball 1-0: Foul Ball, location: 2F 1-1: Ball 2-1: SINGLE (Line Drive, 7S) Manuel Estrada to third Shelby Loudenslager to second Runner from 3rd tries for Home, SAFE, throw made home
|
Batting: RHB Troy Ross
|
0-0: Ball 1-0: Called Strike 1-1: Ball 2-1: Ball 3-1: Foul Ball, location: 2F 3-2: Foul Ball, location: 2F 3-2: Foul Ball, location: 2F 3-2: DOUBLE (Flyball, 8RXD) Shelby Loudenslager scores Jorge Iglésias to third Jorge Iglésias scores
|
Batting: RHB Jaxon Dube
|
0-0: Called Strike 0-1: Fly out, F8 (Flyball, 8RXD)
|
Bottom of the 3rd over - 3 runs, 4 hits, 0 errors, 1 left on base; Athletic Club KC Academy 7 - Little Caesars 5 |
TOP OF THE 4TH |
Athletic Club KC Academy batting - Pitching for Little Caesars Hot N Readys : LHP Esteban Allucingoli
|
Batting: RHB Francisco Vargas
|
0-0: Ball 1-0: Ball 2-0: Fly out, F8 (Flyball, 8LD)
|
Batting: RHB Travis Murphy
|
0-0: Ball 1-0: Ground out 4-3 (Groundball, 4M)
|
Batting: RHB Jon Hall
|
0-0: Called Strike 0-1: Foul Ball, location: 2F 0-2: Ball 1-2: Ball 2-2: Foul Ball, location: 2F 2-2: Foul Ball, location: 2F 2-2: Ground out 5-3 (Groundball, 56S)
|
Top of the 4th over - 0 runs, 0 hits, 0 errors, 0 left on base; Athletic Club KC Academy 7 - Little Caesars 5 |
BOTTOM OF THE 4TH |
Little Caesars Hot N Readys batting - Pitching for Athletic Club KC Academy : LHP Ricky McCauley
|
Batting: SHB Ezequiel Oacia
|
0-0: Called Strike 0-1: Ball 1-1: Foul Ball, location: 2F 1-2: Fly out, F7 (Flyball, 78S)
|
Batting: LHB Nathan Housden
|
0-0: Ball 1-0: Swinging Strike 1-1: Ball 2-1: Swinging Strike 2-2: Ball 3-2: Strikes out swinging
|
Batting: SHB Allen Pandey
|
0-0: Ball 1-0: Ball 2-0: Ball 3-0: Called Strike 3-1: SINGLE (Flyball, 8LS)
|
Pitching: LHP Augusto Martínez
|
|
Batting: RHB Cornelio Japón
|
0-0: Ball 1-0: Foul Ball, location: 2F 1-1: Ball 2-1: Ball 3-1: SINGLE (Flyball, 7LS) Allen Pandey to second
|
Batting: LHB Manuel Estrada
|
0-0: Fly out, F9 (Flyball, 89D)
|
Bottom of the 4th over - 0 runs, 2 hits, 0 errors, 2 left on base; Athletic Club KC Academy 7 - Little Caesars 5 |
TOP OF THE 5TH |
Athletic Club KC Academy batting - Pitching for Little Caesars Hot N Readys : LHP Esteban Allucingoli
|
Batting: RHB Wilton Banks
|
0-0: Called Strike 0-1: Ball 1-1: Swinging Strike 1-2: Ball 2-2: Strikes out swinging
|
Batting: RHB Lester Wilson
|
0-0: Called Strike 0-1: Ball 1-1: Ball 2-1: Foul Ball, location: 2F 2-2: Ground out 1-3 (Groundball, 15S)
|
Batting: RHB Ted Hansen
|
0-0: Ball 1-0: Foul Ball, location: 2F 1-1: Foul Ball, location: 2F 1-2: Ground out 5-3 (Groundball, 56)
|
Top of the 5th over - 0 runs, 0 hits, 0 errors, 0 left on base; Athletic Club KC Academy 7 - Little Caesars 5 |
BOTTOM OF THE 5TH |
Little Caesars Hot N Readys batting - Pitching for Athletic Club KC Academy : LHP Augusto Martínez
|
Batting: RHB Shelby Loudenslager
|
0-0: Ball 1-0: Fly out, F8 (Flyball, 8LS)
|
Batting: SHB Jorge Iglésias
|
0-0: Called Strike 0-1: Fly out, F9 (Line Drive, 89M)
|
Batting: RHB Troy Ross
|
0-0: Called Strike 0-1: Ball 1-1: SINGLE (Line Drive, 8LM)
|
Batting: RHB Jaxon Dube
|
0-0: Ball 1-0: Ball 2-0: Ball 3-0: Base on Balls Troy Ross to second
|
Batting: RHB Martin Dalling
|
0-0: Ball 1-0: Called Strike 1-1: SINGLE (Flyball, 78S) Troy Ross to third Jaxon Dube to second Runner from 3rd tries for Home, SAFE, no throw
|
Batting: LHB Nathan Housden
|
0-0: Ball 1-0: Ground out 5-3 (Groundball, 56S)
|
Bottom of the 5th over - 1 run, 2 hits, 0 errors, 2 left on base; Athletic Club KC Academy 7 - Little Caesars 6 |
TOP OF THE 6TH |
Athletic Club KC Academy batting - Pitching for Little Caesars Hot N Readys : LHP Esteban Allucingoli
|
Now at 3B: Martin Dalling
|
|
Batting: RHB David Lozano
|
0-0: Called Strike 0-1: Ball 1-1: Ball 2-1: TRIPLE (Line Drive, 89XD)
|
Batting: RHB John Ricks
|
0-0: Intentional Walk
|
Batting: RHB Jihan Tuah
|
0-0: Ball 1-0: Ball 2-0: Ball 3-0: Base on Balls John Ricks to second
|
Batting: RHB Francisco Vargas
|
0-0: Fly out, F8 (Flyball, 8LM) Runner from 3rd tags up, SCORES, throw made
|
Batting: RHB Travis Murphy
|
0-0: Ball 1-0: Ball 2-0: Called Strike 2-1: Called Strike 2-2: Foul Ball, location: 2F 2-2: Grounds into double play, 6-4-3 (Groundball, 6)
|
Top of the 6th over - 1 run, 1 hit, 0 errors, 1 left on base; Athletic Club KC Academy 8 - Little Caesars 6 |
BOTTOM OF THE 6TH |
Little Caesars Hot N Readys batting - Pitching for Athletic Club KC Academy : LHP Augusto Martínez
|
Batting: SHB Allen Pandey
|
0-0: Ball 1-0: Called Strike 1-1: SINGLE (Line Drive, 4MD)
|
Batting: RHB Cornelio Japón
|
0-0: Called Strike 0-1: SINGLE (Groundball, 6MD) Allen Pandey to second Runner from 2nd tries for 3rd, OUT! Cornelio Japón to second
|
Batting: LHB Manuel Estrada
|
0-0: Called Strike 0-1: Ball 1-1: Ball 2-1: Foul Ball, location: 2F 2-2: Ground out 4-3 (Groundball, 4) Cornelio Japón to third
|
Batting: RHB Shelby Loudenslager
|
0-0: 2-RUN HOME RUN (Flyball, 7LD), Distance : 344 ft
|
Pitching: RHP Alberto Ortíz
|
|
Batting: SHB Jorge Iglésias
|
0-0: Called Strike 0-1: Ball 1-1: Ball 2-1: Swinging Strike 2-2: Fly out, F9 (Flyball, 9)
|
Bottom of the 6th over - 2 runs, 3 hits, 0 errors, 0 left on base; Athletic Club KC Academy 8 - Little Caesars 8 |
TOP OF THE 7TH |
Athletic Club KC Academy batting - Pitching for Little Caesars Hot N Readys : LHP Esteban Allucingoli
|
Batting: RHB Jon Hall
|
0-0: Called Strike 0-1: Called Strike 0-2: Ball 1-2: Ball 2-2: Foul Ball, location: 2F 2-2: Ball 3-2: Base on Balls
|
Pitching: LHP Alberto Bahe
|
|
Batting: RHB Wilton Banks
|
0-0: Ball 1-0: Called Strike 1-1: Ball 2-1: Ball 3-1: Grounds into double play, 5-4-3 (Groundball, 56)
|
Batting: RHB Lester Wilson
|
0-0: Called Strike 0-1: SINGLE (Line Drive, 78S)
|
Batting: RHB Ted Hansen
|
0-0: Ground out 5-3 (Groundball, 56S)
|
Top of the 7th over - 0 runs, 1 hit, 0 errors, 1 left on base; Athletic Club KC Academy 8 - Little Caesars 8 |
BOTTOM OF THE 7TH |
Little Caesars Hot N Readys batting - Pitching for Athletic Club KC Academy : RHP Alberto Ortíz
|
Batting: RHB Troy Ross
|
0-0: Ball 1-0: Ball 2-0: Called Strike 2-1: Foul Ball, location: 2F 2-2: DOUBLE (Groundball, 5L)
|
Batting: RHB Jaxon Dube
|
0-0: Fly out, F3 (Popup, 3SF)
|
Pinch Hitting: SHB Quentin Harrop
|
0-0: Ball 1-0: Called Strike 1-1: Ground out 3-1 (Groundball, 34S) Troy Ross to third
|
Batting: LHB Nathan Housden
|
0-0: Called Strike 0-1: Fly out, F4 (Popup, 4M)
|
Bottom of the 7th over - 0 runs, 1 hit, 0 errors, 1 left on base; Athletic Club KC Academy 8 - Little Caesars 8 |
TOP OF THE 8TH |
Athletic Club KC Academy batting - Pitching for Little Caesars Hot N Readys : LHP Alberto Bahe
|
Now at 3B: Mink Molendijk
|
|
Batting: RHB David Lozano
|
0-0: Ball 1-0: Swinging Strike 1-1: Ball 2-1: Swinging Strike 2-2: Foul Ball, location: 2F 2-2: Ball 3-2: Base on Balls
|
Batting: RHB John Ricks
|
0-0: Ball 1-0: Called Strike 1-1: Swinging Strike 1-2: Ball 2-2: Ball 3-2: DOUBLE (Groundball, 5L) David Lozano to third
|
Batting: RHB Jihan Tuah
|
0-0: Called Strike 0-1: Ball 1-1: Called Strike 1-2: Ball 2-2: Ground out 5-3 (Groundball, 5)
|
Batting: RHB Francisco Vargas
|
0-0: Called Strike 0-1: Ball 1-1: Swinging Strike 1-2: Ball 2-2: Strikes out looking
|
Batting: RHB Travis Murphy
|
0-0: Intentional Walk
|
Batting: RHB Jon Hall
|
0-0: Called Strike 0-1: Ball 1-1: Foul Ball, location: 2F 1-2: Strikes out swinging
|
Top of the 8th over - 0 runs, 1 hit, 0 errors, 3 left on base; Athletic Club KC Academy 8 - Little Caesars 8 |
BOTTOM OF THE 8TH |
Little Caesars Hot N Readys batting - Pitching for Athletic Club KC Academy : RHP Alberto Ortíz
|
Batting: SHB Allen Pandey
|
0-0: Called Strike 0-1: Foul Ball, location: 2F 0-2: Strikes out swinging
|
Batting: RHB Cornelio Japón
|
0-0: Called Strike 0-1: Ball 1-1: Ball 2-1: Foul Ball, location: 2F 2-2: Foul Ball, location: 2F 2-2: Strikes out swinging
|
Batting: LHB Manuel Estrada
|
0-0: Swinging Strike 0-1: Ball 1-1: Ball 2-1: Ball 3-1: Foul Ball, location: 2F 3-2: Base on Balls
|
Batting: RHB Shelby Loudenslager
|
0-0: Ball 1-0: Fly out, F8 (Flyball, 89D)
|
Bottom of the 8th over - 0 runs, 0 hits, 0 errors, 1 left on base; Athletic Club KC Academy 8 - Little Caesars 8 |
TOP OF THE 9TH |
Athletic Club KC Academy batting - Pitching for Little Caesars Hot N Readys : LHP Alberto Bahe
|
Pitching: RHP Morton Steele
|
|
Batting: RHB Wilton Banks
|
0-0: Called Strike 0-1: Called Strike 0-2: Strikes out swinging
|
Batting: RHB Lester Wilson
|
0-0: Ball 1-0: Foul Ball, location: 2F 1-1: Ball 2-1: Called Strike 2-2: Ground out 6-3 (Groundball, 6)
|
Batting: RHB Ted Hansen
|
0-0: Called Strike 0-1: Ball 1-1: Foul Ball, location: 2F 1-2: Ball 2-2: Ball 3-2: Strikes out swinging
|
Top of the 9th over - 0 runs, 0 hits, 0 errors, 0 left on base; Athletic Club KC Academy 8 - Little Caesars 8 |
BOTTOM OF THE 9TH |
Little Caesars Hot N Readys batting - Pitching for Athletic Club KC Academy : RHP Alberto Ortíz
|
Pitching: RHP Byron Rosebotham
|
|
Batting: SHB Jorge Iglésias
|
0-0: Called Strike 0-1: Ground out 6-3 (Groundball, 6)
|
Batting: RHB Troy Ross
|
0-0: Fly out, F7 (Flyball, 78D)
|
Pinch Hitting: LHB Victor Schuur
|
0-0: Foul Ball, location: 2F 0-1: Foul Ball, location: 2F 0-2: Ball 1-2: Ball 2-2: Ball 3-2: Foul Ball, location: 2F 3-2: Base on Balls
|
Pinch Runner at 1st Charles Mackey:
|
|
Batting: RHB Mink Molendijk
|
0-0: Ball 1-0: Ball 2-0: Fly out, F6 (Popup, 6S)
|
Bottom of the 9th over - 0 runs, 0 hits, 0 errors, 1 left on base; Athletic Club KC Academy 8 - Little Caesars 8 |
TOP OF THE 10TH |
Athletic Club KC Academy batting - Pitching for Little Caesars Hot N Readys : RHP Morton Steele
|
Now at C: Gary Mosley
|
|
Batting: RHB David Lozano
|
0-0: Swinging Strike 0-1: Foul Ball, location: 2F 0-2: Ball 1-2: Ground out 4-3 (Groundball, 4)
|
Batting: RHB John Ricks
|
0-0: Fly out, F7 (Flyball, 7LS)
|
Batting: RHB Jihan Tuah
|
0-0: Foul Ball, location: 2F 0-1: Foul Ball, location: 2F 0-2: Ball 1-2: Ground out 6-3 (Groundball, 6)
|
Top of the 10th over - 0 runs, 0 hits, 0 errors, 0 left on base; Athletic Club KC Academy 8 - Little Caesars 8 |
BOTTOM OF THE 10TH |
Little Caesars Hot N Readys batting - Pitching for Athletic Club KC Academy : RHP Byron Rosebotham
|
Batting: LHB Nathan Housden
|
0-0: Foul Ball, location: 2F 0-1: Called Strike 0-2: Strikes out looking
|
Batting: SHB Allen Pandey
|
0-0: Ball 1-0: Ball 2-0: Called Strike 2-1: Called Strike 2-2: Ground out 5-3 (Groundball, 5)
|
Batting: RHB Cornelio Japón
|
0-0: DOUBLE (Flyball, 89D)
|
Batting: LHB Manuel Estrada
|
0-0: Fly out, F8 (Flyball, 8LM)
|
Bottom of the 10th over - 0 runs, 1 hit, 0 errors, 1 left on base; Athletic Club KC Academy 8 - Little Caesars 8 |
TOP OF THE 11TH |
Athletic Club KC Academy batting - Pitching for Little Caesars Hot N Readys : RHP Morton Steele
|
Pitching: LHP Étienne Leclerc
|
|
Batting: RHB Francisco Vargas
|
0-0: Called Strike 0-1: Ball 1-1: Ground out 4-3 (Groundball, 4M)
|
Batting: RHB Travis Murphy
|
0-0: Called Strike 0-1: Called Strike 0-2: Ball 1-2: Foul Ball, location: 2F 1-2: Strikes out looking
|
Batting: RHB Jon Hall
|
0-0: Ball 1-0: SINGLE (Line Drive, 34)
|
Batting: RHB Wilton Banks
|
0-0: Called Strike 0-1: Foul Ball, location: 2F 0-2: Ball 1-2: Foul Ball, location: 2F 1-2: Foul Ball, location: 2F 1-2: Foul Ball, location: 2F 1-2: Fly out, F7 (Line Drive, 78M)
|
Top of the 11th over - 0 runs, 1 hit, 0 errors, 1 left on base; Athletic Club KC Academy 8 - Little Caesars 8 |
BOTTOM OF THE 11TH |
Little Caesars Hot N Readys batting - Pitching for Athletic Club KC Academy : RHP Byron Rosebotham
|
Pitching: RHP Oliver Vázquez
|
|
Batting: RHB Shelby Loudenslager
|
0-0: Ball 1-0: Foul Ball, location: 2F 1-1: Ball 2-1: Swinging Strike 2-2: Ball 3-2: Base on Balls
|
Pinch Runner at 1st Juan Martínez:
|
|
Batting: SHB Jorge Iglésias
|
0-0: Ball Throwing error on steal attempt, E2 Juan Martínez to third 1-0: Ball 2-0: SINGLE (Groundball, 34D) Juan Martínez scores
|
Friday, March 29th, 2019 - OOTP Baseball 18.8 Build 76
|
|